 Dungeon Crawl Stone Soup version 0.23-b1-6-ga921848b48 (webtiles) character file.

Game seed: 10137587978110955748

548 Kohma the Insei (level 7, -2/52 HPs)
             Began as a Green Draconian Transmuter on Feb 2, 2019.
             Was an Initiate of Dithmenos.
             Killed from afar by Blork the orc (10 damage)
             ... with a puff of frost
             ... on level 5 of the Dungeon.
             The game lasted 00:15:02 (5358 turns).

Kohma the Insei (Green Draconian Transmuter)        Turns: 5358, Time: 00:15:03

Health: -2/52      AC: 11    Str: 12    XL:     7   Next: 7%
Magic:  4/11       EV: 16    Int: 15    God:    Dithmenos [......]
Gold:   147        SH:  0    Dex: 12    Spells: 6/12 levels left

rFire    . . .     SeeInvis .     - Unarmed
rCold    . . .     Gourm    .   (no shield)
rNeg     . . .     Faith    .   (armour unavailable)
rPois    +         Spirit   .   (helmet restricted)
rElec    .         Reflect  .   b - +0 cloak
rCorr    .         Harm     .   (no gloves)
MR       .....                  (no boots)
Stlth    +.........             (no amulet)
HPRegen  0.17/turn              o - +4 ring of protection
MPRegen  0.12/turn              r - +4 ring of evasion

@: short of breath, appendage
A: breathe noxious fumes, unfitting armour, horns 2, poison resistance,
cold-blooded, AC +6
a: Breathe Noxious Fumes, End Transformation, Renounce Religion


You were on level 5 of the Dungeon.
You worshipped Dithmenos.
Dithmenos was noncommittal.
You were very hungry.
You had grown temporary horns.
You visited 2 branches of the dungeon, and saw 6 of its levels.

You collected 147 gold pieces.

Inventory:

Missiles
 a - 28 arrows
 f - 151 stones
 k - 2 tomahawks (quivered)
Armour
 b - a +0 cloak (worn)
Jewellery
 o - a +4 ring of protection (left hand)
 r - a +4 ring of evasion (right hand)
Scrolls
 d - 4 scrolls of teleportation
 e - a scroll of identify
 i - a scroll of remove curse
 j - 2 scrolls of magic mapping
 n - a scroll of enchant weapon
Potions
 g - a potion of haste
 h - a potion of magic {unknown}
 l - 2 potions of cancellation
 m - a potion of flight {unknown}
 q - 2 potions of heal wounds
 s - a potion of agility
Comestibles
 c - 9 rations


   Skills:
 - Level 1.1 Fighting
 - Level 1.7 Dodging
 * Level 6.2 Unarmed Combat
 - Level 3.0 Spellcasting
 + Level 4.6 Transmutations
 * Level 1.0 Poison Magic


You had 6 spell levels left.
You knew the following spells:

 Your Spells              Type           Power        Failure   Level  Hunger
a - Beastly Appendage     Tmut           ###...       3%          1    #......
b - Sticks to Snakes      Tmut           ###.....     4%          2    ##.....
c - Spider Form           Tmut/Pois      ##........   19%         3    ###....

Your spell library contained the following spells:

 Spells                   Type           Power        Failure   Level  Hunger
 Ice Form                 Ice/Tmut       #.......     58%         4    #####..
 Blade Hands              Tmut           ###.......   63%         5    ######.


Dungeon Overview and Level Annotations

Branches:
Dungeon (5/15)             Temple (1/1) D:5

Altars:
Ashenzari
Cheibriados
Dithmenos
Elyvilon
Fedhas
Gozag
Hepliaklqana
Kikubaaqudgha
Makhleb
Nemelex Xobeh
Okawaru
Qazlal
Ru
Sif Muna
Trog
Uskayaw
Vehumet
Wu Jian
Xom
Yredelemnul
Zin
The Shining One

Shops:
D:4 ((

Annotations:
D:5 Blork the orc, Dowan, Duvessa, Prince Ribbit


Innate Abilities, Weirdness & Mutations

You can breathe blasts of noxious fumes.
Your lurid green scales are hard. (AC +6)
You cannot fit into any form of body armour.
Your system is resistant to poisons. (rPois)
You are cold-blooded and may be slowed by cold attacks.
You have a pair of horns on your head.


Message History

Your ball python dies!
Your adder barely misses Prince Ribbit.
Your ball python bites Prince Ribbit.
Your ball python constricts Prince Ribbit.
Prince Ribbit struggles to escape constriction.
Your adder bites Prince Ribbit.
Your ball python bites Prince Ribbit.
Your ball python constricts Prince Ribbit.
Prince Ribbit hits your adder!
Duvessa hits your adder with a +0 short sword!
Your adder dies!
Your ball python loses its grip on Prince Ribbit.
Dowan casts a spell at you.
The puff of frost hits your ball python!
Your ball python dies!
A crimson imp and Blork the orc come into view.
Blork the orc shouts!
The crimson imp shouts!
You hear a shout!
The crimson imp blinks!
Blork the orc screams, "I'll break your arms!"
Blork the orc casts a spell at you. The puff of frost hits you!
You die...

.........# .$.....####
#..... #<.. ..........#
#....#### #.## #..
......# #o...... ....
#.. .....# #ยง....#
###.#. #.. #...# #.....#
#.#. ... #...# #.....#
#.#
...####...######...5.###
#.#
..........ee....@.......
...
..#.##..F.########.#.###
. #..#....# .. ##.#....#
.# ..##......### #
.......#....
+####..#..#.. #..#..#..#
##....# .#


You could see Duvessa, Blork the orc, Dowan and a crimson imp.

Vanquished Creatures
  A scorpion (D:4)
  An orc priest (D:4)
  2 hounds (D:4)
  2 centaur skeletons
  3 worker ants
  An orc wizard (D:4)
  A killer bee zombie (D:5)
  A worker ant zombie (D:5)
  A gnoll (D:2)
  7 adders
  2 shadow imps (D:5)
  An ooze (D:2)
  An adder skeleton (D:4)
  A worm (D:3)
  A dart slug (D:2)
  A leopard gecko (D:2)
  12 orcs
  4 giant cockroaches
  10 goblins
  5 hobgoblins
  5 jackals
  5 kobolds
  3 quokkas
  A ball python skeleton (D:4)
  6 bats
  7 frilled lizards
  A quokka skeleton (D:4)
  10 rats
96 creatures vanquished.

Vanquished Creatures (collateral kills)
  An orc wizard (D:4)
  Robin (D:2)
  2 gnolls (D:2)
  5 goblins (D:2)
  A hobgoblin (D:2)
  2 jackals (D:4)
  A bat (D:2)
13 creatures vanquished.

Grand Total: 109 creatures vanquished

Notes
Turn   | Place    | Note
-------+----------+-------------------------------------------
     0 | D:1      | Kohma the Draconian Transmuter began the quest for the Orb.
     0 | D:1      | Reached XP level 1. HP: 16/16 MP: 3/3
   320 | D:1      | Reached XP level 2. HP: 21/23 MP: 3/5
   929 | D:2      | Learned a level 2 spell: Sticks to Snakes
   953 | D:2      | Reached XP level 3. HP: 28/28 MP: 3/6
   958 | D:2      | Learned a level 3 spell: Spider Form
  1534 | D:2      | Reached XP level 4. HP: 30/35 MP: 6/8
  1579 | D:2      | Noticed Robin
  1647 | D:2      | Killed Robin
  2028 | D:2      | Reached skill level 4 in Unarmed Combat
  3210 | D:3      | Reached XP level 5. HP: 31/40 MP: 9/9
  3605 | D:4      | Reached skill level 5 in Unarmed Combat
  3729 | D:4      | Found Syaxt's Antique Weapon Emporium.
  3802 | D:4      | Found Epibyja's Antique Weapon Emporium.
  3861 | D:4      | Reached XP level 6. HP: 47/47 MP: 10/10
  3863 | D:4      | You fall through a shaft!
  3863 | D:5      | Entered Level 5 of the Dungeon
  3886 | D:5      | Found a staircase to the Ecumenical Temple.
  3892 | Temple   | Entered the Ecumenical Temple
  4067 | Temple   | Became a worshipper of Dithmenos the Shadowed
  4610 | D:4      | Reached skill level 6 in Unarmed Combat
  5095 | D:5      | Your scales start taking on a lurid green colour.
  5095 | D:5      | Reached XP level 7. HP: 36/52 MP: 11/11
  5095 | D:5      | Gained mutation: Your system is resistant to poisons.
                  | (rPois) [Green Draconian growth]
  5253 | D:5      | Found a hazy altar of Hepliaklqana.
  5302 | D:5      | Reached skill level 1 in Poison Magic
  5327 | D:5      | Noticed Duvessa
  5328 | D:5      | Noticed Dowan
  5334 | D:5      | Noticed Prince Ribbit
  5357 | D:5      | Noticed Blork the orc
  5358 | D:5      | Killed from afar by Blork the orc

Skill      XL: |  1  2  3  4  5  6  7 |
---------------+----------------------+-----
Transmutations | 3 4 |  4.6
Spellcasting   | 3 |  3.0
Unarmed Combat | 4 5 6 |  6.2
Poison Magic   | 1 |  1.0
Fighting       | |  1.1
Dodging        | |  1.7

Action                   |  1- 3 |  4- 6 |  7- 9 || total
-------------------------+-------+-------+-------++-------
Melee: Unarmed           |   117 |   288 |    32 ||   437
       Kick              |     3 |    11 |     2 ||    16
       Headbutt          |     6 |    12 |     2 ||    20
       Tailslap          |     6 |    32 |     4 ||    42
       Punch             |       |     6 |     1 ||     7
 Cast: Beastly Appendage |    14 |    10 |     2 ||    26
       Sticks to Snakes  |     2 |    17 |     4 ||    23
 Abil: Breathe Noxious F |       |       |     1 ||     1
  Use: Scroll            |       |    12 |       ||    12
 Stab: Sleeping          |       |     2 |       ||     2
  Eat: Chunk             |     2 |     9 |     1 ||    12
       Ration            |       |     1 |       ||     1
Armor: Skin              |    48 |    92 |    11 ||   151
Dodge: Dodged            |    92 |   215 |    33 ||   340
